 Dungeon Crawl Stone Soup version 0.17-a0-1882-g750edc8 (webtiles) character file.

387 shakdrar the Chopper (level 6, 0/56 HPs)
             Began as a Hill Orc Abyssal Knight on Sept 22, 2015.
             Was a Priest of Lugonu.
             Succumbed to a worker ant's poison
             ... on level 5 of the Dungeon.
             The game lasted 00:14:23 (5009 turns).

shakdrar the Chopper (Hill Orc Abyssal Knight)      Turns: 5009, Time: 00:14:24

Health: 0/56       AC: 10    Str: 17      XL:     6   Next: 78%
Magic:  5/9        EV: 12    Int: 10 (12) God:    Lugonu [***...]
Gold:   231        SH:  0    Dex: 15      Spells: 0 memorised, 5 levels left

rFire  + . .     SeeInvis .     b - -1 hand axe (curse)
rCold  + . .     Clarity  .     n - +0 chain mail
rNeg   . . .     SustAt   .     (no shield)
rPois  +         Gourm    .     (no helmet)
rElec  +         Spirit   .     q - +0 cloak
rCorr  +         Warding  .     (no gloves)
rMut   .         Stasis   .     (no boots)
MR     .....                    (no amulet)
Stlth  ..........               (no ring)
                                i - ring of flight

@: agile, lethally poisoned (0 -> -1), resistant, not resistant to hostile
enchantments, extremely unstealthy
A: no striking features
a: Depart the Abyss, Bend Space, Banish, Renounce Religion, Evoke Flight


You were on level 5 of the Dungeon.
You worshipped Lugonu.
Lugonu was most pleased with you.
You were hungry.

You visited 1 branch of the dungeon, and saw 5 of its levels.
You visited the Abyss 1 time.

You collected 231 gold pieces.

Inventory:

Hand weapons
 a - a +1 hand axe
 b - a cursed -1 hand axe (weapon)
Armour
 n - a +0 chain mail (worn)
 q - a +0 cloak (worn)
Jewellery
 i - a ring of flight (left hand)
Scrolls
 m - a scroll of enchant armour
 o - a scroll of teleportation
Potions
 k - a potion of berserk rage
 p - 2 potions of cure mutation
Comestibles
 c - a bread ration
 d - a slice of pizza
 f - a beef jerky
 l - a chunk of flesh


   Skills:
 + Level 5.2 Fighting
 * Level 6.4 Axes
 + Level 3.7 Armour
 - Level 0.7 Dodging
 + Level 4.1 Invocations


You had 5 spell levels left.
You didn't know any spells.

Dungeon Overview and Level Annotations

Branches:
Dungeon (5/15)             Temple (0/1) D:4

Altars:
Cheibriados
Dithmenos
Kikubaaqudgha
Nemelex Xobeh
Okawaru
Qazlal
Trog
Xom


Message History

It was a potion of agility.
You feel agile all of a sudden.
You are feeling hungry.
The hound bites you but does no damage. x2
Use which ability?
Press: ? - help, Shift-Dir - straight line, f - hound
Aim: a hound (chance to defeat MR: 79%)
The hound is devoured by a tear in reality.
Lugonu claims a new guest.
You feel somewhat more hungry.
Unknown command.
There is a lethal amount of poison in your body!
There is a lethal amount of poison in your body!
* * * LOW HITPOINT WARNING * * *
You feel sick.
* * * LOW HITPOINT WARNING * * *
You feel sick.
* * * LOW HITPOINT WARNING * * *
You feel sick.
You die...

### #... ...
############.#######
##.##......##.##.##.##
#........#..+?......†.
#....@...#..#.........
######.......+..#....h..h.
##...##.##..######.##.###.#
+....##.###'######.##.###.#
#.....<..'...'.'........+..
##<..##+###.#####.###+#####
####.####'###.###.#####.#
.............>.+....)..+
#.#####..##..###....#..#


There were no monsters in sight!

Vanquished Creatures
  A scorpion (D:4)
  A hound (D:4)
  An iguana (D:4)
  An orc priest (D:3)
  A giant frog skeleton (D:4)
  3 worker ants
  4 adders
  A shadow imp (D:3)
  2 worms
  3 giant geckos
  6 orcs
  A bat zombie (D:2)
  7 goblins
  4 hobgoblins
  10 jackals
  3 ball pythons
  9 bats
  3 giant cockroaches
  A giant gecko skeleton (D:4)
  4 giant newts
  6 kobolds
  8 rats
  3 rat zombies (D:2)
83 creatures vanquished.

Vanquished Creatures (others)
  A hound (D:5)
1 creature vanquished.

Grand Total: 84 creatures vanquished

Notes
Turn   | Place    | Note
--------------------------------------------------------------
     0 | Abyss:1  | shakdrar the Hill Orc Abyssal Knight began the quest for the Orb.
     0 | Abyss:1  | Reached XP level 1. HP: 19/19 MP: 2/2
    13 | D:1      | Escaped the Abyss
   161 | D:1      | Found a snail-covered altar of Cheibriados.
   235 | D:1      | Reached XP level 2. HP: 20/27 MP: 3/3
   350 | D:1      | Reached skill level 4 in Fighting
   847 | D:2      | Acquired Lugonu's second power
  1022 | D:2      | Reached XP level 3. HP: 20/33 MP: 5/5
  1225 | D:2      | Found a shadowy altar of Dithmenos.
  1226 | D:2      | Found a shimmering altar of Xom.
  1226 | D:2      | Found a bloodstained altar of Trog.
  1236 | D:2      | Found an iron altar of Okawaru.
  1412 | D:2      | Found an ancient bone altar of Kikubaaqudgha.
  1570 | D:3      | Found a stormy altar of Qazlal.
  1988 | D:3      | Reached XP level 4. HP: 36/41 MP: 6/6
  2651 | D:3      | Found a sparkling altar of Nemelex Xobeh.
  3100 | D:4      | Acquired Lugonu's third power
  3100 | D:4      | Reached XP level 5. HP: 47/47 MP: 7/7
  3185 | D:4      | Reached skill level 5 in Axes
  3870 | D:4      | Reached skill level 5 in Fighting
  3870 | D:4      | Reached XP level 6. HP: 23/56 MP: 8/8
  4120 | D:4      | Found a staircase to the Ecumenical Temple.
  4399 | D:4      | Reached skill level 6 in Axes
  4769 | D:5      | Entered Level 5 of the Dungeon
  4992 | D:5      | HP: 2/56 [spatial distortion (3)]
  4997 | D:5      | HP: 1/56 [poisoned by a worker ant]
  5005 | D:5      | HP: 1/56 [poisoned by a worker ant]
  5009 | D:5      | Succumbed to a worker ant's poison

Vault maps used:
D:1:      lemuel_arrival_broad_hall, minmay_misc_feat_columns,
          cheibriados_altar_1
D:2:      nicolae_overflow_quartered_altars, lemuel_zombie_altar_kikubaaqudgha
D:3:      overflow_temple_1_default, nemelex_deck
D:4:      kennysheep_big_flooded_room, minmay_temple_entry_overgrown,
          mrwooster_statue_mirror
D:5:      first_bread, tgw_fedhas

Action                   |  1- 3 |  4- 6 || total
-------------------------+-------+-------++-------
Melee: Hand axe          |   159 |   241 ||   400
Invok: Bend Space        |       |     2 ||     2
       Banish            |       |     1 ||     1
  Use: Scroll            |     6 |     6 ||    12
       Potion            |       |     4 ||     4
  Eat: Chunk             |     4 |     9 ||    13
